 Dungeon Crawl Stone Soup version 0.27-a0-705-ga0013940fb (webtiles) character file.

Game seed: 4754302978139104621

330 dickylongcocking the Conjurer (level 6, -1/39 HPs)
             Began as an Octopode Conjurer on Mar 23, 2021.
             Slain by a killer bee (5 damage)
             ... on level 3 of the Dungeon.
             The game lasted 00:04:48 (4859 turns).

dickylongcocking the Conjurer (Octopode Conjurer)   Turns: 4859, Time: 00:04:49

Health: -1/39      AC:  2    Str:  7    XL:     6   Next: 51%
Magic:  0/11       EV: 12    Int: 22    God:
Gold:   231        SH:  6    Dex: 10    Spells: 9/12 levels left

rFire    . . .     SeeInvis .   a - +1 dagger
rCold    + . .     Faith    .   j - +2 buckler
rNeg     . . .     Spirit   +   e - +1 hat
rPois    .         Reflect  .   m - amulet of guardian spirit
rElec    .         Harm     .   i - ring of protection from cold
rCorr    .         Rampage  .   (no ring)
Will     .....                  (no ring)
Stlth    +++.......             (no ring)
HPRegen  0.13/turn              (no ring)
MPRegen  0.12/turn              (no ring)
                                (no ring)
                                (no ring)

@: lethally poisoned (-1 -> -30)
A: almost no armour, amphibious, 8 rings, camouflage 1, gelatinous body 1,
nimble swimmer 1, tentacles
a: no special abilities


You were on level 3 of the Dungeon.
You visited 1 branch of the dungeon, and saw 4 of its levels.

You collected 231 gold pieces.

Inventory:

Hand Weapons
 a - a +1 dagger (weapon)
Armour
 e - a +1 hat (worn)
 j - a +2 buckler (worn)
Jewellery
 i - a ring of protection from cold (left tentacle)
 m - an amulet of guardian spirit (around mantle)


   Skills:
 * Level 2.1 Fighting
 - Level 2.1 Dodging
 - Level 2.7 Stealth
 * Level 2.2 Shields
 * Level 3.6 Spellcasting
 * Level 5.7 Conjurations


You had 9 spell levels left.
You knew the following spells:

 Your Spells              Type           Power      Damage    Failure   Level
a - Magic Dart            Conj           100%       1d8       1%          1
x - Searing Ray           Conj           58%        3d5       1%          2

Your spell library contained the following spells:

 Spells                   Type           Power      Damage    Failure   Level
 Dazzling Flash           Conj/Hex       32%        N/A       13%         3
 Fulminant Prism          Conj/Hex       8%         3d7       41%         4
 Iskenderun's Mystic Bla  Conj/Tloc      16%        2d5       41%         4


Dungeon Overview and Level Annotations

Branches:
Dungeon (4/15)
 Temple: D:4-7

Altars:
Fedhas
Qazlal


Innate Abilities, Weirdness & Mutations

You cannot wear most types of armour.
You are amphibious.
You can wear up to eight rings at the same time.
Your skin changes colour to match your surroundings (Stealth+).
Your rubbery body absorbs attacks. (AC +1, EV +1)
You are stealthy while swimming. (Stealth+)
You have tentacles for arms and can constrict up to eight enemies at once.


Message History

The killer bee stings you but does no damage.
The killer bee stings you.
You are lethally poisoned!
The killer bee poisons you!
You fly upwards.
You feel very sick.
There is a stone staircase leading down here.
Unknown command.
Unknown command.
You aren't carrying any scrolls.
Unknown command.
Okay, then.
Your magical effects are unravelling.
You feel magically purged.
You float gracefully downwards.
You feel a little less mighty now.
You feel sick. The killer bee closely misses you. The hound barely misses you.
You block the killer bee's attack.
Unknown command.
You aren't carrying any scrolls.
Unknown command.
Okay, then.
You aren't carrying any items that you can evoke.
Unknown command.
You aren't carrying any potions.
Unknown command.
You aren't carrying any scrolls.
Unknown command.
Casting: Searing Ray (safe; 1% risk of failure)
Confirm with . or Enter, or press ? or * to list all spells.
Aiming: Magic Dart (safe; 1% risk of failure)
Press: ? - help, Shift-Dir - straight line, f - killer bee
Aim: a killer bee (0% to evade)
The magic dart hits the killer bee.
The killer bee is moderately wounded.
You feel sick. The hound misses you. The killer bee stings you!
* * * LOW HITPOINT WARNING * * *
You are more poisoned.
The killer bee poisons you! The hound bites you but does no damage.
The killer bee stings you.
You die...

#.# #.#####.# #.#. ## #.# #.# #.#
#... .# #.# #####.#####.# ##.#
.###.####........##.# #.#
...#........#.##.##.# #####.#
.#....###.#.#.##.##.# #...#.#
.#.....##.#.#...y...# #####.###.#
##....###.#.####h#### #......##[.
..........#.# #@# #.##...###.
##.#..#####.# #y# #)#....# ##
##.#..# #># #.# #.#<...#
...#..#####.## #.# #.#.##.#
###..........###.# #.#.##.#
##.....###.......# #......#
#.....รท.##...#.### ###.##.##
.........##.#...#########.#..)###
.........'.......................


You could see a hound and 2 killer bees.

Vanquished Creatures
  An ogre (D:4)
  A bullfrog (D:4)
  An iguana (D:4)
  2 worker ants (D:4)
  5 adders
  A worm (D:2)
  A dart slug (D:1)
  2 orcs (D:3)
  3 ball pythons
  4 giant cockroaches
  6 goblins
  5 hobgoblins
  4 kobolds
  7 oozes
  8 quokkas
  7 bats
  7 frilled lizards
  A quokka skeleton (D:4)
  5 rats
71 creatures vanquished.

Notes
Turn   | Place    | Note
-------+----------+-------------------------------------------
     0 | D:1      | dickylongcocking the Octopode Conjurer began the quest for
                  | the Orb.
     0 | D:1      | Reached XP level 1. HP: 11/11 MP: 3/3
   187 | D:1      | Reached XP level 2. HP: 17/17 MP: 5/5
   512 | D:2      | Learned a level 2 spell: Searing Ray
   988 | D:1      | Reached XP level 3. HP: 21/21 MP: 3/6
  2140 | D:2      | Found a stormy altar of Qazlal.
  2140 | D:2      | Found a blossoming altar of Fedhas.
  2149 | D:2      | Reached skill level 5 in Conjurations
  2149 | D:2      | Reached XP level 4. HP: 27/27 MP: 1/7
  4375 | D:4      | Reached XP level 5. HP: 26/32 MP: 5/9
  4514 | D:4      | Reached skill level 1 in Fighting
  4514 | D:4      | Reached skill level 1 in Shields
  4719 | D:4      | Noticed an ogre
  4728 | D:4      | Killed an ogre
  4729 | D:4      | Reached XP level 6. HP: 39/39 MP: 3/11
  4859 | D:3      | Slain by a killer bee

Illustrated notes

Levels and vault maps discovered:
D:1:      lightli_arrival_isolated_outpost, layout_basic,
          ebering_dispersal_statue_hall
D:2:      layout_basic, grunt_temple_overflow_forces_of_nature
D:3:      minmay_general_purpose_star, layout_loops_corners
D:4:      layout_cave_pools, yredelemnul_forgotten_temple_becter

Skill      XL: |  1  2  3  4  5  6 |
---------------+-------------------+-----
Conjurations   | 5 |  5.7
Spellcasting   | 3 |  3.6
Fighting       | 1 2 |  2.1
Shields        | 1 2 |  2.2
Dodging        | |  2.1
Stealth        | |  2.7

Action                   |  1- 3 |  4- 6 || total
-------------------------+-------+-------++-------
Melee: Dagger            |    44 |    46 ||    90
       Unarmed           |     3 |       ||     3
       Constrict         |    10 |    11 ||    21
       Tentacles         |     4 |     7 ||    11
 Cast: Magic Dart        |    13 |     4 ||    17
       Searing Ray       |    19 |    19 ||    38
  Use: Scroll            |     2 |     3 ||     5
       Potion            |       |     8 ||     8
 Stab: Sleeping          |     6 |     6 ||    12
Armor: Skin              |     2 |     6 ||     8
Dodge: Dodged            |    36 |    67 ||   103
Block: Buckler           |       |    20 ||    20

Table legend: (Time is in decaauts)
 A = Elapsed time spent in this place.
 B = Non-inter-level travel time spent in this place.
 C = Inter-level travel time spent in this place.
 D = Time resting spent in this place.
 E = Time spent auto-exploring this place.
 F = Levels seen in this place.
 G = Mean time per level.
                   A        B        C        D        E       F      G
               +--------+--------+--------+--------+--------+-----+--------+
         Total |   4860 |   4755 |    105 |    622 |   3547 |   4 | 1215.0 |
       Dungeon |   4860 |   4755 |    105 |    622 |   3547 |   4 | 1215.0 |
               +--------+--------+--------+--------+--------+-----+--------+

Top non-repeatable levels by time:
     D:2: 1791 daAuts
     D:3: 1324 daAuts
     D:1: 1257 daAuts
     D:4: 487 daAuts
